 Dungeon Crawl Stone Soup version 0.24.0-13-gcf9b319 (webtiles) character file.

Game seed: 11541232307697964539, levelgen mode: deterministic

51 Bronimir the Stinger (level 4, -1/30 HPs)
             Began as a Formicid Venom Mage on Mar 18, 2020.
             Slain by a bullfrog (7 damage)
             ... on level 2 of the Dungeon.
             The game lasted 00:04:45 (1623 turns).

Bronimir the Stinger (Formicid Venom Mage)          Turns: 1623, Time: 00:04:45

Health: -1/30      AC:  5    Str: 13    XL:     4   Next: 7%
Magic:  5/8        EV: 12    Int: 15    God:
Gold:   61         SH:  0    Dex: 11    Spells: 2/8 levels left

rFire    . . .     SeeInvis +   a - +0 war axe
rCold    . . .     Gourm    .   (no shield)
rNeg     . . .     Faith    .   k - +0 robe
rPois    .         Spirit   .   (helmet unavailable)
rElec    .         Reflect  .   u - +0 cloak
rCorr    .         Harm     .   (no gloves)
MR       +....                  f - +1 pair of boots
Stlth    ++........             (no amulet)
HPRegen  0.10/turn              s - ring of protection from magic
MPRegen  0.11/turn              (no ring)

@: no status effects
A: permanent stasis, dig shafts and tunnels, four strong arms, antennae 3
a: Dig, Shaft Self


You were on level 2 of the Dungeon.
You were hungry.

You visited 1 branch of the dungeon, and saw 2 of its levels.

You collected 61 gold pieces.

Inventory:

Hand Weapons
 a - a +0 war axe (weapon)
 e - a +0 short sword
 i - a +0 mace
 t - a +1 mace
Missiles
 h - 11 arrows
 j - 28 bolts
 m - 5 stones (quivered)
Armour
 f - a +1 pair of boots (worn)
 k - a +0 robe (worn)
 u - a +0 cloak (worn)
Jewellery
 b - a +3 ring of dexterity {unknown}
 s - a ring of protection from magic (left hand)
Scrolls
 g - a scroll of identify
Potions
 l - a potion of heal wounds {unknown}
 n - a potion of flight {unknown}
 q - 2 potions of curing
 r - 2 potions of ambrosia {unknown}
Comestibles
 c - 3 rations


   Skills:
 + Level 0.2 Fighting
 + Level 1.4 Short Blades
 * Level 0.9 Armour
 + Level 2.0 Dodging
 - Level 2.4 Stealth
 + Level 2.7 Spellcasting
 * Level 0.8 Conjurations
 * Level 4.7 Poison Magic


You had 2 spell levels left.
You knew the following spells:

 Your Spells              Type           Power        Failure   Level  Hunger
a - Sting                 Conj/Pois      ##..         6%          1    #......
b - Poisonous Vapours     Pois/Air       #.....       12%         2    ##.....
c - Mephitic Cloud        Conj/Pois/Air  #.......     28%         3    ###....

Your spell library contained the following spells:

 Spells                   Type           Power        Failure   Level  Hunger
 Olgreb's Toxic Radiance  Pois           ###.....     28%         4    #####..
 Venom Bolt               Conj/Pois      ##........   87%         5    ######.


Dungeon Overview and Level Annotations

Branches:
Dungeon (2/15)

Altars:
Wu Jian


Innate Abilities, Weirdness & Mutations

You cannot be hasted, slowed, berserked, paralysed or teleported.
You can dig through walls and to a lower floor.
Your four strong arms can wield two-handed weapons with a shield.
You have a pair of large antennae on your head. (SInv)


Message History

The bullfrog is heavily wounded.
The bullfrog closely misses you. The bullfrog barely misses you.
The bullfrog hits you but does no damage.
You closely miss the bullfrog.
The bullfrog is heavily wounded.
The bullfrog hits you!
* * * LOW HITPOINT WARNING * * *
The bullfrog hits you.
* * * LOW HITPOINT WARNING * * *
Casting: Poisonous Vapours (safe; 12% risk of failure)
Confirm with . or Enter, or press ? or * to list all spells.
Aiming: Poisonous Vapours (safe; 12% risk of failure)
Press: ? - help, Dir - move target cursor, f - bullfrog
Aim: a bullfrog (heavily wounded) Poisonous vapours surround the bullfrog!
The bullfrog is engulfed in poison gas.
The bullfrog is poisoned.
The bullfrog closely misses you. The bullfrog barely misses you.
The bullfrog hits you!
You die...

### ##_## {
#...# ##'####
#..F#.####
+.⌠@'....#
#...#.##.#
##+#####.#######
#.........#
###.#######.#
.## #...# #.#
###.# #.# #.#
#.# #.#


You could see a bullfrog.

Vanquished Creatures
  An adder (D:2)
  A worm (D:2)
  A leopard gecko (D:1)
  A giant cockroach (D:1)
  4 goblins
  5 hobgoblins
  7 jackals (D:1)
  3 bats (D:1)
  6 kobolds
  6 rats
35 creatures vanquished.

Notes
Turn   | Place    | Note
-------+----------+-------------------------------------------
     0 | D:1      | Bronimir the Formicid Venom Mage began the quest for the
                  | Orb.
     0 | D:1      | Reached XP level 1. HP: 13/13 MP: 3/3
    75 | D:1      | Reached XP level 2. HP: 4/19 MP: 0/5
   358 | D:1      | Learned a level 2 spell: Poisonous Vapours
   704 | D:1      | Reached XP level 3. HP: 19/24 MP: 2/6
  1228 | D:2      | Learned a level 3 spell: Mephitic Cloud
  1609 | D:2      | Reached skill level 1 in Short Blades
  1609 | D:2      | Reached XP level 4. HP: 28/30 MP: 5/8
  1613 | D:2      | Found an ornate altar of the Wu Jian Council.
  1613 | D:2      | Noticed a bullfrog
  1623 | D:2      | Slain by a bullfrog

Levels and vault maps discovered:
D:1:      dpeg_arrival_connections, layout_rooms
D:2:      layout_loops_ring, grunt_temple_overflow_diamond, kennysheep_path_1,
          uniq_crazy_yiuf_cottage

Skill      XL: |  1  2  3 |
---------------+----------+-----
Dodging        | 2 |  2.0
Short Blades   | 1 |  1.4
Fighting       | |  0.2
Armour         | |  0.9
Stealth        | |  2.4
Spellcasting   | |  2.7
Conjurations   | |  0.8
Poison Magic   | |  4.7

Action                   |  1- 3 |  4- 6 || total
-------------------------+-------+-------++-------
Melee: Short sword       |    83 |       ||    83
       Mace              |    13 |       ||    13
       War axe           |     8 |     6 ||    14
 Cast: Sting             |     9 |       ||     9
       Poisonous Vapours |    12 |     1 ||    13
 Abil: Dig               |     1 |       ||     1
  Use: Scroll            |     5 |       ||     5
 Stab: Sleeping          |     5 |     1 ||     6
  Eat: Chunk             |     3 |       ||     3
Armor: Robe              |    26 |     3 ||    29
Dodge: Dodged            |    88 |     6 ||    94
